 Dungeon Sprint DCSS version 0.27-a0-1434-g6f15984924 (webtiles) character file.

Game seed: 9993630363886680049

14 mhtbhm the Skirmisher (level 2, -3/28 HPs)
             Began as a Minotaur Fighter on July 3, 2021.
             Was a Believer of Trog.
             Slain by a phantom (7 damage)
             ... in the Dungeon (Sprint VII: "The Pits").
             The game lasted 00:00:24 (483 turns).

mhtbhm the Skirmisher (Minotaur Fighter)             Turns: 483, Time: 00:00:25

Health: -3/28      AC:  7    Str: 20    XL:     2   Next: 27%
Magic:  1/1        EV:  7    Int:  5    God:    Trog [**....]
Gold:   0          SH:  9    Dex:  9    Spells: 1/1 levels left

rFire    . . .     SeeInvis .   a - +2 hand axe
rCold    . . .     Faith    .   c - +0 kite shield
rNeg     . . .     Spirit   .   b - +0 scale mail
rPois    .         Reflect  .   (helmet restricted)
rElec    .         Harm     .   (no cloak)
rCorr    .         Rampage  .   (no gloves)
Will     .....     NoTele   +   (no boots)
Stlth    ..........             (no amulet)
HPRegen  0.09/turn              (no ring)
MPRegen  0.07/turn              (no ring)

@: no status effects
A: horns 2, retaliatory headbutt
a: Renounce Religion, Berserk, Trog's Hand


You were in the Dungeon.
You worshipped Trog.
Trog was pleased with you.
You visited 1 branch

Inventory:

Hand Weapons
 a - a +2 hand axe (weapon)
Armour
 b - a +0 scale mail (worn)
 c - a +0 kite shield (worn)
Scrolls
 j - a scroll of blinking
 l - a scroll of summoning
Potions
 d - a potion of might
 e - a potion of curing
 f - a potion of heal wounds
 g - a potion of haste
 h - 4 potions of magic
 i - 3 potions of berserk rage
 k - 2 potions of invisibility


   Skills:
 + Level 4.7 Fighting
 + Level 3.1 Axes
 + Level 4.7 Armour
 + Level 4.7 Shields


You had one spell level left.
You didn't know any spells.
Your spell library was empty.

Dungeon Overview and Level Annotations

Branches:
Dungeon (1/1)

Altars:
Cheibriados
Dithmenos
Elyvilon
Fedhas
Gozag
Hepliaklqana
Makhleb
Nemelex Xobeh
Okawaru
Qazlal
Ru
Sif Muna
Trog
Vehumet
Wu Jian
Xom
Yredelemnul
Zin
The Shining One
Beogh
Jiyva
Lugonu


Innate Abilities, Weirdness & Mutations

You have a pair of horns on your head.
You reflexively headbutt those who attack you in melee.


Message History

You kill the frilled lizard!
Trog accepts your kill.
The endoplasm jiggles.
You block the phantom's attack.
Unknown command.
You hit the phantom. Your headbutt misses the phantom.
The phantom is lightly damaged.
You hit the endoplasm. The endoplasm freezes you.
You are frozen.
The phantom barely misses you. You block the endoplasm's attack.
Unknown command.
You hit the phantom.
The phantom is lightly damaged.
You hit the endoplasm.
You kill the endoplasm!
Trog accepts your kill. You block the phantom's attack.
Unknown command.
You closely miss the phantom. Your headbutt misses the phantom.
The phantom is lightly damaged.
The phantom hits you. x2
You hit the phantom. Your headbutt misses the phantom.
The phantom is moderately damaged.
You block the phantom's attack.
Unknown command.
You hit the phantom.
The phantom is moderately damaged.
The phantom hits you.
* * * LOW HITPOINT WARNING * * *
The phantom barely misses you.
Unknown command.
You hit the phantom. Your headbutt misses the phantom.
The phantom is moderately damaged.
You block the phantom's attack.
Unknown command.
You hit the phantom but do no damage.
The phantom is moderately damaged.
The phantom hits you!
You die...

#.?(.')))'.##......#..#.
##########.##...........
#.....)....†'...........
#+#####'#####......#..#.
#..#.).'.##...........
#..#...#.#####'#####++
#..#####.##.......#
#..'...#†##.......#
#..'W@.†.##.......#
#..########...<...# #..
#.......# #.. #.......#
### #.......# #########


You could see a phantom.

Vanquished Creatures
  2 orcs (D)
  An endoplasm (D)
  A giant cockroach (D)
  3 jackals (D)
  A quokka (D)
  A frilled lizard (D)
  A rat (D)
10 creatures vanquished.

Notes
Turn   | Place    | Note
-------+----------+-------------------------------------------
     0 | D        | mhtbhm the Minotaur Fighter began the quest for the Orb.
     0 | D        | Reached XP level 1. HP: 19/19 MP: 0/0
    25 | D        | Found a bloodstained altar of Trog.
    25 | D        | Found a shimmering blue altar of Sif Muna.
    25 | D        | Found a viscous altar of Jiyva.
    25 | D        | Found a hazy altar of Hepliaklqana.
    25 | D        | Found an opulent altar of Gozag.
    26 | D        | Found a glowing golden altar of the Shining One.
    26 | D        | Found a glowing silver altar of Zin.
    26 | D        | Found a basalt altar of Yredelemnul.
    26 | D        | Found a shimmering altar of Xom.
    26 | D        | Found an ornate altar of the Wu Jian Council.
    26 | D        | Found a sacrificial altar of Ru.
    26 | D        | Found a stormy altar of Qazlal.
    26 | D        | Found an iron altar of Okawaru.
    26 | D        | Found a sparkling altar of Nemelex Xobeh.
    26 | D        | Found a burning altar of Makhleb.
    26 | D        | Found a blossoming altar of Fedhas.
    26 | D        | Found a white marble altar of Elyvilon.
    26 | D        | Found a shadowy altar of Dithmenos.
    26 | D        | Found a snail-covered altar of Cheibriados.
    28 | D        | Found a radiant altar of Vehumet.
    28 | D        | Found a corrupted altar of Lugonu.
    30 | D        | Became a worshipper of Trog the Wrathful
   360 | D        | Reached * piety under Trog
   365 | D        | Reached XP level 2. HP: 28/28 MP: 1/1
   365 | D        | Reached ** piety under Trog
   471 | D        | Noticed a phantom
   483 | D        | Slain by a phantom

Illustrated notes

Levels and vault maps discovered:
D:        pitsprint [storerooms_1, entrance_room_1, metal_vault_6, armoury_1,
          mini_pit_1, grid_room_1, main_hall_1, silver_pit, the_coven_1,
          the_vestibule_1, steel_vault_4, golden_pit, hallway_of_sentries,
          crystal_vault_6, iron_vault_5, final_vault]

Skill      XL: |  1 |
---------------+----+-----
Fighting       | 4 |  4.7
Armour         | 4 |  4.7
Shields        | 4 |  4.7
Axes           | 3 |  3.1

Action                   || total
-------------------------++-------
Melee: Hand axe          ||    27
       War axe           ||     6
       Headbutt          ||     5
Armor: Scale mail        ||    14
Dodge: Dodged            ||     8
Block: Kite shield       ||    18

Table legend: (Time is in decaauts)
 A = Elapsed time spent in this place.
 B = Non-inter-level travel time spent in this place.
 C = Inter-level travel time spent in this place.
 D = Time resting spent in this place.
 E = Time spent auto-exploring this place.
 F = Levels seen in this place.
 G = Mean time per level.
                   A        B        C        D        E       F      G
               +--------+--------+--------+--------+--------+-----+--------+
         Total |    495 |    495 |      0 |    364 |      0 |   1 |  495.0 |
       Dungeon |    495 |    495 |      0 |    364 |      0 |   1 |  495.0 |
               +--------+--------+--------+--------+--------+-----+--------+

Top non-repeatable levels by time:
       D: 495 daAuts
